| TOP OF THE 1ST |
|
Quad Cities Angels batting - Pitching for Quincy Cubs : RHP Charles Hudson
|
|
Pitching: RHP Charles Hudson
|
|
|
Batting: SHB Frank Diaz
|
0-0: Called Strike 0-1: Ground out 1-3 (Groundball, 13, EV 68.1 MPH)
|
|
Batting: RHB Mike Sharperson
|
0-0: SINGLE (Line Drive, 78S, EV 95.6 MPH)
|
|
Batting: LHB Chuck Sandberg
|
0-0: Ball 1-0: Ball 2-0: Ball 3-0: Called Strike 3-1: Called Strike 3-2: SINGLE (Groundball, 34S, EV 89.4 MPH) (infield hit) Mike Sharperson to second
|
|
Batting: RHB Rolando Roomes
|
0-0: Ball 1-0: Foul Ball, location: 2F 1-1: Fielders Choice at 2nd, 4-6 (Groundball, 4, EV 87.5 MPH) Mike Sharperson to third
|
|
Batting: SHB Danny Montero
|
0-0: Called Strike Rolando Roomes is caught stealing 2nd base 2-6
|
| Top of the 1st over - 0 runs, 2 hits, 0 errors, 1 left on base; Quad Cities 0 - Quincy 0 |
| BOTTOM OF THE 1ST |
|
Quincy Cubs batting - Pitching for Quad Cities Angels : RHP Scott Munninghoff
|
|
Pitching: RHP Scott Munninghoff
|
|
|
Batting: RHB Alex Juarez
|
0-0: Ball 1-0: Ball 2-0: Ball 3-0: Base on Balls
|
|
Batting: RHB Jack Ayer
|
0-0: Called Strike 0-1: Called Strike 0-2: Ball 1-2: Strikes out swinging
|
|
Batting: RHB Wes Clements
|
0-0: Called Strike 0-1: Ball 1-1: Foul Ball, location: 2F 1-2: Ball 2-2: Grounds into double play, 6-4-3 (Groundball, 6, EV 80.6 MPH)
|
| Bottom of the 1st over - 0 runs, 0 hits, 0 errors, 0 left on base; Quad Cities 0 - Quincy 0 |
| TOP OF THE 2ND |
|
Quad Cities Angels batting - Pitching for Quincy Cubs : RHP Charles Hudson
|
|
Batting: SHB Danny Montero
|
0-0: Ground out U3 (Groundball, 34, EV 85.0 MPH)
|
|
Batting: RHB Jimmy Waugh
|
0-0: Called Strike 0-1: Foul Ball, location: 2F 0-2: Strikes out looking
|
|
Batting: RHB Craig Walck
|
0-0: Ball 1-0: Ball 2-0: Foul Ball, location: 2F 2-1: Ground out U3 (Groundball, 3, EV 78.8 MPH)
|
| Top of the 2nd over - 0 runs, 0 hits, 0 errors, 0 left on base; Quad Cities 0 - Quincy 0 |
| BOTTOM OF THE 2ND |
|
Quincy Cubs batting - Pitching for Quad Cities Angels : RHP Scott Munninghoff
|
|
Batting: RHB Billy Best
|
0-0: SINGLE (Groundball, 13S, EV 70.0 MPH) (infield hit)
|
|
Batting: RHB Jerry Fry
|
0-0: Ball 1-0: Ball 2-0: Ball 3-0: Called Strike 3-1: Base on Balls Billy Best to second
|
|
Batting: RHB Nerio Guerrero
|
0-0: Called Strike 0-1: Ball 1-1: Foul Ball, location: 2F 1-2: Foul Ball, location: 2F 1-2: Foul Ball, location: 2F 1-2: Strikes out swinging
|
|
Batting: RHB Richard Palmer
|
0-0: Foul Ball, location: 2F 0-1: Ball 1-1: Called Strike 1-2: Ball 2-2: Foul Ball, location: 2F 2-2: Foul Ball, location: 2F 2-2: Strikes out swinging
|
|
Batting: RHB Garry Keeton
|
0-0: Called Strike 0-1: Foul Ball, location: 2F 0-2: Foul Ball, location: 2F 0-2: Ball 1-2: Foul Ball, location: 2F 1-2: Foul Ball, location: 2F 1-2: Foul Ball, location: 2F 1-2: Ball 2-2: Ball 3-2: Base on Balls Billy Best to third Jerry Fry to second
|
|
Batting: RHB Samuel Bass
|
0-0: Foul Ball, location: 2F 0-1: Ball 1-1: Ball 2-1: Ball 3-1: Foul Ball, location: 2F 3-2: Foul Ball, location: 2F 3-2: Foul Ball, location: 2F 3-2: Ground out 5-3 (Groundball, 56S, EV 79.4 MPH)
|
| Bottom of the 2nd over - 0 runs, 1 hit, 0 errors, 3 left on base; Quad Cities 0 - Quincy 0 |
| TOP OF THE 3RD |
|
Quad Cities Angels batting - Pitching for Quincy Cubs : RHP Charles Hudson
|
|
Batting: RHB Oscar Mejia
|
0-0: Called Strike 0-1: Foul Ball, location: 2F 0-2: Foul Ball, location: 2F 0-2: Ground out U3 (Groundball, 34, EV 90.6 MPH)
|
|
Batting: RHB Brad Fischer
|
0-0: Ball 1-0: Called Strike 1-1: Ball 2-1: Swinging Strike 2-2: Foul Ball, location: 2F 2-2: Ball 3-2: Strikes out swinging
|
|
Batting: SHB Frank Diaz
|
0-0: Foul Ball, location: 2F 0-1: Swinging Strike 0-2: Strikes out swinging
|
| Top of the 3rd over - 0 runs, 0 hits, 0 errors, 0 left on base; Quad Cities 0 - Quincy 0 |
| BOTTOM OF THE 3RD |
|
Quincy Cubs batting - Pitching for Quad Cities Angels : RHP Scott Munninghoff
|
|
Batting: RHB Alex Juarez
|
0-0: Ground out 5-3 (Groundball, 56, EV 102.5 MPH)
|
|
Batting: RHB Jack Ayer
|
0-0: Foul Ball, location: 2F 0-1: Ball 1-1: Ball 2-1: Foul Ball, location: 2F 2-2: Foul Ball, location: 2F 2-2: SINGLE (Line Drive, 56D, EV 104.4 MPH)
|
|
Batting: RHB Wes Clements
|
0-0: Ball 1-0: Fly out, F8 (Flyball, 8RXD, EV 88.8 MPH)
|
|
Batting: RHB Billy Best
|
0-0: Ball 1-0: Ball 2-0: Ball 3-0: Base on Balls Jack Ayer to second
|
|
Batting: RHB Jerry Fry
|
0-0: Ball 1-0: SINGLE (Flyball, 8LS, EV 89.4 MPH) Jack Ayer to third Billy Best to second Runner from 3rd tries for Home, throw by CF and OUT! 8-2
|
| Bottom of the 3rd over - 0 runs, 2 hits, 0 errors, 2 left on base; Quad Cities 0 - Quincy 0 |
| TOP OF THE 4TH |
|
Quad Cities Angels batting - Pitching for Quincy Cubs : RHP Charles Hudson
|
|
Batting: RHB Mike Sharperson
|
0-0: Called Strike 0-1: Called Strike 0-2: Ball 1-2: Foul Ball, location: 2F 1-2: Ball 2-2: Ball 3-2: SINGLE (Groundball, 4MD, EV 106.3 MPH)
|
|
Batting: LHB Chuck Sandberg
|
0-0: Called Strike 0-1: Swinging Strike 0-2: Ball 1-2: Foul Ball, location: 2F 1-2: Foul Ball, location: 2F 1-2: Ball 2-2: Ball Wild Pitch! Mike Sharperson to second 3-2: Base on Balls
|
|
Batting: RHB Rolando Roomes
|
0-0: DOUBLE (Flyball, 8LXD, EV 98.8 MPH) Mike Sharperson scores Chuck Sandberg to third
|
|
Batting: SHB Danny Montero
|
0-0: Ball 1-0: Ball 2-0: Foul Ball, location: 2F 2-1: Ground out 6-3 (Groundball, 6, EV 90.0 MPH)
|
|
Batting: RHB Jimmy Waugh
|
0-0: Fly out, F8 (Line Drive, 8LM, EV 91.9 MPH)
|
|
Batting: RHB Craig Walck
|
0-0: Ball 1-0: Ball 2-0: Ground out 3-1 (Groundball, 34S, EV 81.3 MPH)
|
| Top of the 4th over - 1 run, 2 hits, 0 errors, 2 left on base; Quad Cities 1 - Quincy 0 |
| BOTTOM OF THE 4TH |
|
Quincy Cubs batting - Pitching for Quad Cities Angels : RHP Scott Munninghoff
|
|
Batting: RHB Nerio Guerrero
|
0-0: Ball 1-0: Fly out, F9 (Line Drive, 9, EV 90.6 MPH)
|
|
Batting: RHB Richard Palmer
|
0-0: Called Strike 0-1: Ball 1-1: Foul Ball, location: 2F 1-2: Foul Ball, location: 2F 1-2: Ball 2-2: Ball 3-2: Foul Ball, location: 2F 3-2: SINGLE (Groundball, 4S, EV 61.9 MPH) (infield hit)
|
|
Batting: RHB Garry Keeton
|
0-0: Grounds into double play, 4-6-3 (Groundball, 34, EV 106.3 MPH)
|
| Bottom of the 4th over - 0 runs, 1 hit, 0 errors, 0 left on base; Quad Cities 1 - Quincy 0 |
| TOP OF THE 5TH |
|
Quad Cities Angels batting - Pitching for Quincy Cubs : RHP Charles Hudson
|
|
Batting: RHB Oscar Mejia
|
0-0: Ball 1-0: Ball 2-0: Ball 3-0: Base on Balls
|
|
Batting: RHB Brad Fischer
|
0-0: Bunted foul 0-1: Ball 1-1: Ball 2-1: Bunt missed! 2-2: Foul Ball, location: 2F 2-2: Ball 3-2: Fly out, F8 (Flyball, 8LM, EV 82.5 MPH)
|
|
Batting: SHB Frank Diaz
|
0-0: Called Strike 0-1: Ball 1-1: Swinging Strike 1-2: Strikes out swinging
|
|
Batting: RHB Mike Sharperson
|
0-0: Ball 1-0: Foul Ball, location: 2F 1-1: Ball 2-1: Foul Ball, location: 2F 2-2: Fly out, F4 (Flyball, 4D, EV 91.3 MPH)
|
| Top of the 5th over - 0 runs, 0 hits, 0 errors, 1 left on base; Quad Cities 1 - Quincy 0 |
| BOTTOM OF THE 5TH |
|
Quincy Cubs batting - Pitching for Quad Cities Angels : RHP Scott Munninghoff
|
|
Batting: RHB Samuel Bass
|
0-0: Foul Ball, location: 2F 0-1: Foul Ball, location: 2F 0-2: Strikes out swinging
|
|
Batting: RHB Alex Juarez
|
0-0: Ball 1-0: Ball 2-0: Ball 3-0: Called Strike 3-1: Base on Balls
|
|
Batting: RHB Jack Ayer
|
0-0: Ball Alex Juarez steals 2nd base 1-0: Ball 2-0: SINGLE (Groundball, 56S, EV 71.3 MPH) (infield hit) Alex Juarez to third
|
|
Batting: RHB Wes Clements
|
0-0: Ball 1-0: Called Strike 1-1: Ball 2-1: Ball 3-1: Called Strike 3-2: Fly out, F9 (Flyball, 9, EV 86.3 MPH) Runner from 3rd tags up, SCORES, throw by RF
|
|
Batting: RHB Billy Best
|
0-0: Called Strike 0-1: Ball 1-1: Ball 2-1: Ball 3-1: DOUBLE (Line Drive, 7LM, EV 88.1 MPH) Jack Ayer to third Runner from 3rd tries for Home, SAFE, throw by LF to trailing runner, OUT at third! 7-6-5
|
| Bottom of the 5th over - 2 runs, 2 hits, 0 errors, 0 left on base; Quad Cities 1 - Quincy 2 |
| TOP OF THE 6TH |
|
Quad Cities Angels batting - Pitching for Quincy Cubs : RHP Charles Hudson
|
|
Batting: LHB Chuck Sandberg
|
0-0: Ball 1-0: Foul Ball, location: 2F 1-1: Ball 2-1: Ball 3-1: Base on Balls
|
|
Batting: RHB Rolando Roomes
|
0-0: Fly out, F7 (Flyball, 7, EV 88.1 MPH)
|
|
Batting: SHB Danny Montero
|
0-0: Ball 1-0: Foul Ball, location: 2F 1-1: Foul Ball, location: 2F 1-2: Ball 2-2: Foul Ball, location: 2F 2-2: Ball Passed Ball! Chuck Sandberg to second 3-2: SINGLE (Groundball, 15S, EV 72.5 MPH) (infield hit) Chuck Sandberg to third
|
|
Batting: RHB Jimmy Waugh
|
0-0: Called Strike 0-1: Called Strike 0-2: Ball 1-2: Strikes out swinging
|
|
Batting: RHB Craig Walck
|
0-0: Ball 1-0: Foul Ball, location: 2F 1-1: Ball 2-1: Foul Ball, location: 2F 2-2: Fly out, F6 (Popup, 6M, EV 73.8 MPH)
|
| Top of the 6th over - 0 runs, 1 hit, 0 errors, 2 left on base; Quad Cities 1 - Quincy 2 |
| BOTTOM OF THE 6TH |
|
Quincy Cubs batting - Pitching for Quad Cities Angels : RHP Scott Munninghoff
|
|
Batting: RHB Jerry Fry
|
0-0: Ball 1-0: Ball 2-0: Called Strike 2-1: Fly out, F8 (Flyball, 8RXD, EV 82.5 MPH)
|
|
Batting: RHB Nerio Guerrero
|
0-0: Ball 1-0: Ball 2-0: Foul Ball, location: 2F 2-1: Foul Ball, location: 2F 2-2: Ball 3-2: Foul Ball, location: 2F 3-2: Base on Balls
|
|
Batting: RHB Richard Palmer
|
0-0: Ball 1-0: Ball 2-0: Ball 3-0: Called Strike 3-1: Grounds into double play, 6-4-3 (Groundball, 6, EV 84.4 MPH)
|
| Bottom of the 6th over - 0 runs, 0 hits, 0 errors, 0 left on base; Quad Cities 1 - Quincy 2 |
| TOP OF THE 7TH |
|
Quad Cities Angels batting - Pitching for Quincy Cubs : RHP Charles Hudson
|
|
Batting: RHB Oscar Mejia
|
0-0: Ground out 5-3 (Groundball, 56, EV 85.6 MPH)
|
|
Batting: RHB Brad Fischer
|
0-0: Ball 1-0: SINGLE (Groundball, 4MD, EV 95.6 MPH)
|
|
Batting: SHB Frank Diaz
|
0-0: Called Strike 0-1: DOUBLE (Groundball, 3L, EV 110.6 MPH) Brad Fischer to third Runner from 3rd tries for Home, SAFE, throw by RF to trailing runner, SAFE at third!
|
|
Batting: RHB Mike Sharperson
|
0-0: Called Strike 0-1: Foul Ball, location: 2F 0-2: Ball 1-2: Foul Ball, location: 2F 1-2: Ball 2-2: Foul Ball, location: 2F 2-2: Foul Ball, location: 2F 2-2: SINGLE (Groundball, 13S, EV 60.6 MPH) (infield hit)
|
|
Batting: LHB Chuck Sandberg
|
0-0: Swinging Strike 0-1: Foul Ball, location: 2F 0-2: Ball 1-2: Strikes out swinging
|
|
Batting: RHB Rolando Roomes
|
0-0: Called Strike 0-1: Called Strike 0-2: SINGLE (Groundball, 4MS, EV 65.6 MPH) (infield hit) Frank Diaz scores Mike Sharperson to second
|
|
Batting: SHB Danny Montero
|
0-0: Foul Ball, location: 2F 0-1: Ball Mike Sharperson is caught stealing 3rd base 2-5
|
| Top of the 7th over - 2 runs, 4 hits, 0 errors, 1 left on base; Quad Cities 3 - Quincy 2 |
| BOTTOM OF THE 7TH |
|
Quincy Cubs batting - Pitching for Quad Cities Angels : RHP Scott Munninghoff
|
|
Batting: RHB Garry Keeton
|
0-0: Ball 1-0: Called Strike 1-1: Ball 2-1: Ground out 6-3 (Groundball, 6S, EV 83.1 MPH)
|
|
Batting: RHB Samuel Bass
|
0-0: Called Strike 0-1: Ground out 6-3 (Groundball, 6, EV 80.6 MPH)
|
|
Batting: RHB Alex Juarez
|
0-0: Ball 1-0: Foul Ball, location: 2F 1-1: Foul Ball, location: 2F 1-2: Ball 2-2: Fly out, F9 (Line Drive, 9, EV 85.6 MPH)
|
| Bottom of the 7th over - 0 runs, 0 hits, 0 errors, 0 left on base; Quad Cities 3 - Quincy 2 |
| TOP OF THE 8TH |
|
Quad Cities Angels batting - Pitching for Quincy Cubs : RHP Charles Hudson
|
|
Batting: SHB Danny Montero
|
0-0: Fly out, F9 (Flyball, 9, EV 84.4 MPH)
|
|
Batting: RHB Jimmy Waugh
|
0-0: Ball 1-0: Swinging Strike 1-1: Swinging Strike 1-2: Ball 2-2: Ball 3-2: Ground out 5-3 (Groundball, 5S, EV 82.5 MPH)
|
|
Batting: RHB Craig Walck
|
0-0: Foul Ball, location: 2F 0-1: Foul Ball, location: 2F 0-2: Ball 1-2: Ball 2-2: Foul Ball, location: 2F 2-2: Ball 3-2: Fly out, F7 (Line Drive, 7D, EV 83.8 MPH)
|
| Top of the 8th over - 0 runs, 0 hits, 0 errors, 0 left on base; Quad Cities 3 - Quincy 2 |
| BOTTOM OF THE 8TH |
|
Quincy Cubs batting - Pitching for Quad Cities Angels : RHP Scott Munninghoff
|
|
Batting: RHB Jack Ayer
|
0-0: Ball 1-0: Foul Ball, location: 2F 1-1: Foul Ball, location: 2F 1-2: Foul Ball, location: 2F 1-2: Ball 2-2: Fly out, F9 (Flyball, 9, EV 90.0 MPH)
|
|
Pitching: RHP David Mangrum
|
|
|
Batting: RHB Wes Clements
|
0-0: Ball 1-0: Ball 2-0: Called Strike 2-1: Called Strike 2-2: Fly out, F8 (Line Drive, 8LM, EV 91.9 MPH)
|
|
Batting: RHB Billy Best
|
0-0: Foul Ball, location: 2F 0-1: Swinging Strike 0-2: Ball 1-2: Fly out, F9 (Flyball, 9S, EV 86.3 MPH)
|
| Bottom of the 8th over - 0 runs, 0 hits, 0 errors, 0 left on base; Quad Cities 3 - Quincy 2 |
| TOP OF THE 9TH |
|
Quad Cities Angels batting - Pitching for Quincy Cubs : RHP Charles Hudson
|
|
Pitching: RHP Philip Teston
|
|
|
Batting: RHB Oscar Mejia
|
0-0: Swinging Strike 0-1: Fly out, F6 (Popup, 6M, EV 74.4 MPH)
|
|
Batting: RHB Brad Fischer
|
0-0: Swinging Strike 0-1: Fly out, F6 (Popup, 6D, EV 61.3 MPH)
|
|
Batting: SHB Frank Diaz
|
0-0: Called Strike 0-1: Swinging Strike 0-2: Ball 1-2: Strikes out swinging
|
| Top of the 9th over - 0 runs, 0 hits, 0 errors, 0 left on base; Quad Cities 3 - Quincy 2 |
| BOTTOM OF THE 9TH |
|
Quincy Cubs batting - Pitching for Quad Cities Angels : RHP David Mangrum
|
|
Pitching: RHP Gary Granke
|
|
|
Pinch Hitting: SHB Willie Perez
|
0-0: Called Strike 0-1: Ground out 4-3 (Groundball, 4, EV 104.4 MPH)
|
|
Batting: RHB Nerio Guerrero
|
0-0: Called Strike 0-1: Swinging Strike 0-2: SINGLE (Groundball, 56D, EV 106.3 MPH)
|
|
Batting: RHB Richard Palmer
|
0-0: Ball 1-0: Called Strike 1-1: Called Strike 1-2: Ball 2-2: Ball 3-2: Fly out, F9 (Flyball, 89M, EV 84.4 MPH)
|
|
Pinch Hitting: LHB Dennis Mork
|
0-0: Ball 1-0: Fielders Choice at 2nd, 6-4 (Groundball, 6, EV 86.3 MPH)
|
| Bottom of the 9th over - 0 runs, 1 hit, 0 errors, 1 left on base; Quad Cities 3 - Quincy 2 |
|